Map: Arctic Dream LE

Players

Massa

  • Race: Terran Terran
  • League: Platinum
  • Spawn Location: 11:00

qqq

  • Race: Zerg Zerg
  • Spawn Location: 12:00

Wobblz - Winner!

  • Race: Protoss Protoss
  • Spawn Location: 6:00

tut - Winner!

  • Race: Terran Terran
  • League: Diamond
  • Spawn Location: 5:00

VOD

Have the link to the VOD?

Description

Time

  • Played on: Feb. 3, 2021, 3:55 p.m.
  • Length: 12:16
Show
View Real Time Build Order
Export as new Build Order

Massa Terran 

Build Orders:  

Get SALT Encoding   

  12  0:00  SCV  
  13  0:12  SCV  
  14  0:17  Supply Depot  
  14  0:24  SCV  
  15  0:31  Refinery  
  15  0:39  SCV  
  16  0:45  Barracks  
  16  0:51  SCV  
  16  0:56  Refinery  
  17  1:03  SCV  
  18  1:15  SCV  
  18  1:16  Supply Depot  
  19  1:27  SCV  
  20  1:33  Barracks  
  20  1:39  SCV  
  21  1:44  Reaper  
  22  1:51  SCV  
  23  2:05  Orbital Command  
  23  2:14  Supply Depot  
  23  2:16  Reaper  
  23  2:20  Reaper  
  25  2:31  SCV  
  26  2:48  Reaper  
  27  2:52  Reaper  
  27  2:53  Command Center  
  28  3:04  Supply Depot  
  28  3:11  Factory  
  28  3:20  Reaper  
  28  3:24  Reaper  
  30  3:29  SCV  
  31  3:41  SCV  
  32  3:49  Engineering Bay  
  32  3:50  Supply Depot  
  32  3:52  Reaper  
  33  3:56  Reaper  
  33  4:24  Reaper  
  33  4:28  Reaper  
  33  4:56  Reaper  
  30  5:00  Reaper  
  30  5:01  Factory Tech Lab  
  30  5:02  Terran Infantry Weapons Level 1  
  30  5:05  SCV  
  30  5:06  Orbital Command  
  32  5:08  Command Center  
  32  5:17  SCV  
  33  5:28  Reaper  
  33  5:29  SCV  
  35  5:41  SCV  
  36  5:47  Marine  
  36  5:53  Missile Turret  
  36  5:55  Missile Turret  
  35  6:00  Marine, Missile Turret  
  35  6:03  Cyclone  
  36  6:05  Marine  
  36  6:10  Barracks  
  36  6:11  Barracks  
  37  6:15  SCV x2  
  37  6:18  Marine  
  40  6:21  Refinery  
  40  6:23  Marine  
  40  6:25  SCV  
  42  6:27  SCV x2  
  44  6:35  Siege Tank  
  44  6:37  SCV  
  44  6:39  SCV x2  
  49  6:42  Marine x2  
  51  6:49  SCV  
  51  6:51  SCV  
  53  7:00  Marine x2  
  55  7:07  Cyclone  
  58  7:12  Marine x2  
  60  7:17  Marine  
  60  7:18  Marine  
  61  7:30  Marine  
  61  7:35  Marine  
  65  7:38  Barracks Tech Lab  
  65  7:39  Barracks Reactor  
  63  7:44  Missile Turret  
  63  7:46  SCV x2  
  63  7:48  Marine  
  66  7:53  Marine  
  66  7:56  Siege Tank  
  70  7:58  SCV  
  70  8:02  Mag-Field Accelerator  
  70  8:04  SCV  
  72  8:06  Marine  
  72  8:08  Planetary Fortress  
  72  8:10  SCV  
  72  8:11  Marine  
  75  8:15  Marauder, Marine x2  
  75  8:16  SCV  
  80  8:23  SCV  
  80  8:25  Starport  
  82  8:28  Starport, SCV  
  82  8:29  Marine  
  82  8:33  Marine  
  85  8:35  Barracks, Stimpack  
  85  8:36  Barracks  
  85  8:38  SCV, Barracks, Barracks Tech Lab  
  85  8:44  Supply Depot  
  85  8:45  Supply Depot  
  85  8:46  Ghost Academy  
  85  8:48  Supply Depot  
  85  8:49  Missile Turret  
  85  8:57  Barracks  
  85  9:03  Starport Reactor  
  85  9:04  Starport Reactor  
  85  9:05  SCV x2, Marine  
  85  9:06  Terran Infantry Armor Level 1, Marauder  
  90  9:10  Armory, Siege Tank, Supply Depot  
  90  9:12  Supply Depot x2  
  93  9:17  SCV  
  93  9:18  SCV x2  
  93  9:22  Marauder  
  93  9:24  Barracks Tech Lab x2  
  98  9:26  Barracks Tech Lab  
  98  9:27  Marauder  
  98  9:30  SCV x3  
  103  9:33  Refinery  
  103  9:34  Supply Depot  
  103  9:36  Refinery  
  103  9:37  Enhanced Shockwaves  
  103  9:38  Refinery, Supply Depot  
  103  9:42  SCV x3  
  103  9:43  Combat Shield  
  103  9:44  Marauder, Concussive Shells  
  108  9:46  Marauder x3  
  108  9:48  Marauder  
  108  9:49  Barracks Reactor  
  116  9:54  SCV x2  
  118  10:03  Terran Vehicle And Ship Armor Level 1  
  118  10:05  Marauder  
  118  10:06  Supply Depot  
  120  10:07  Marauder, Supply Depot  
  120  10:10  Marauder  
  124  10:31  Command Center  
  124  10:33  SCV x3  
  127  10:45  SCV x3  
  130  10:50  Viking x4  
  138  10:57  SCV x2  
  140  11:04  Barracks Reactor  
  140  11:10  Engineering Bay  
  140  11:20  Viking x4  
  140  11:21  Marine  
  140  11:22  Marine x4  
  140  11:23  Marauder, Marine x3  
  158  11:26  Thor  
  146  11:39  Marine x2  
  126  11:40  Marine  
  126  11:41  Marauder x2  
  128  11:49  Marauder x3, Marine  
  128  11:50  Marine x2  
  117  11:57  Marine x3  
  115  12:03  SCV  
  115  12:04  SCV x2  
Show
View Real Time Build Order
Export as new Build Order

qqq Zerg 

Build Orders: Hatch First 

Get SALT Encoding   

  12  0:00  Drone  
  13  0:09  Drone  
  14  0:28  Overlord  
  14  0:43  Hatchery  
  14  0:48  Drone  
  14  0:51  Drone  
  14  0:55  Drone  
  16  1:05  Drone  
  17  1:21  Extractor, Spawning Pool  
  15  1:27  Drone x2  
  17  1:42  Drone x2  
  19  1:54  Drone  
  20  1:56  Drone  
  21  2:08  Overlord  
  21  2:10  Queen  
  21  2:11  Queen  
  21  2:13  Drone  
  26  2:19  Overlord  
  26  2:22  Drone  
  27  2:28  Metabolic Boost  
  27  2:32  Zergling x2  
  28  2:42  Zergling x2  
  28  2:43  Drone x2  
  30  2:50  Roach Warren  
  29  2:54  Drone  
  29  2:56  Zergling x2  
  31  2:59  Zergling x2  
  32  3:06  Zergling x2  
  32  3:08  Lair  
  32  3:10  Zergling x2  
  34  3:13  Zergling x2  
  34  3:19  Zergling x2  
  36  3:23  Zergling x2  
  37  3:32  Zergling x2  
  37  3:34  Roach x3  
  44  3:44  Overlord  
  44  3:45  Overlord  
  42  4:05  Zergling x8  
  42  4:06  Roach  
  42  4:07  Roach x3  
  47  4:20  Drone, Roach  
  47  4:21  Drone  
  51  4:28  Extractor  
  51  4:29  Roach  
  51  4:30  Drone  
  52  4:40  Roach  
  52  4:42  Roach  
  52  4:44  Overlord  
  56  4:51  Drone  
  57  4:58  Roach  
  59  5:02  Drone x3  
  59  5:04  Drone x3  
  51  5:31  Roach  
  51  5:32  Roach x3  
  51  5:33  Drone x3  
  51  5:34  Drone x2  
  58  5:36  Spore Crawler  
  58  5:39  Extractor  
  52  5:52  Spire  
  51  5:57  Drone  
  51  5:58  Drone  
  51  5:59  Drone x2  
  51  6:03  Drone  
  56  6:07  Hatchery  
  56  6:08  Drone  
  56  6:12  Drone  
  56  6:13  Drone  
  56  6:16  Zergling x4  
  62  6:18  Roach  
  62  6:19  Roach  
  62  6:21  Glial Reconstitution  
  64  6:27  Spore Crawler  
  59  6:38  Queen  
  61  6:40  Drone, Spore Crawler  
  60  7:00  Overlord x2  
  60  7:01  Overlord  
  60  7:06  Spore Crawler  
  59  7:08  Drone  
  58  7:25  Corruptor x2  
  58  7:28  Mutalisk  
  58  7:29  Drone  
  65  7:38  Drone x4  
  65  7:39  Drone  
  65  7:41  Extractor  
  65  7:43  Extractor  
  68  7:46  Mutalisk  
  68  7:48  Mutalisk  
  68  7:50  Drone  
  73  7:51  Drone  
  73  7:53  Drone  
  75  8:00  Zerg Flyer Weapons Level 1  
  75  8:03  Drone x3  
  75  8:04  Drone  
  79  8:07  Overlord  
  79  8:13  Drone  
  79  8:14  Corruptor  
  79  8:17  Drone  
  83  8:25  Drone x2, Infestation Pit  
  84  8:40  Mutalisk, Corruptor  
  88  8:42  Drone x2  
  90  8:48  Drone x2  
  90  8:49  Extractor  
  91  9:03  Spore Crawler  
  91  9:07  Mutalisk x3  
  91  9:09  Drone x2  
  98  9:17  Overlord x2  
  98  9:25  Hatchery  
  98  9:30  Drone  
  98  9:31  Hatchery  
  98  9:32  Hive  
  98  9:34  Overlord x4  
  98  9:36  Drone  
  98  9:48  Drone x2  
  100  9:53  Corruptor  
  100  9:54  Mutalisk, Corruptor x2  
  106  11:10  Corruptor x2  
  106  11:11  Corruptor x4  
  102  11:15  Drone x5  
  102  11:16  Drone x4  
  119  11:20  Spire  
  108  11:40  Corruptor x4  
  108  11:41  Drone  
  108  11:42  Drone x5  
  100  11:55  Drone x3  
Show
View Real Time Build Order
Export as new Build Order

Wobblz Protoss - Winner!

Build Orders:  

Get SALT Encoding   

  12  0:02  Probe  
  13  0:14  Probe  
  14  0:18  Pylon  
  14  0:26  Probe  
  15  0:38  Probe (Chrono Boost)  
  15  0:42  Gateway  
  16  0:48  Assimilator  
  17  0:50  Probe (Chrono Boost)  
  17  0:57  Probe (Chrono Boost)  
  18  1:04  Probe  
  19  1:16  Probe  
  20  1:19  Assimilator  
  19  1:28  Probe  
  20  1:35  Cybernetics Core  
  20  1:40  Probe  
  20  1:42  Pylon  
  21  1:55  Nexus  
  21  1:58  Probe  
  22  2:09  Stalker (Chrono Boost)  
  22  2:10  Probe, Warp Gate (Chrono Boost)  
  26  2:22  Probe  
  26  2:31  Stalker  
  28  2:38  Pylon  
  28  2:39  Probe  
  29  2:49  Gateway  
  29  2:54  Gateway  
  29  3:03  Probe  
  30  3:06  Shield Battery  
  30  3:10  Probe  
  31  3:15  Probe  
  31  3:17  Stalker  
  34  3:23  Probe  
  35  3:27  Probe  
  36  3:34  Robotics Facility  
  36  3:35  Probe  
  36  3:40  Probe  
  38  3:47  Probe, Sentry  
  41  3:52  Probe  
  42  3:56  Pylon  
  38  4:03  Stalker x2  
  41  4:10  Protoss Air Weapons Level 1  
  34  4:25  Stalker  
  32  5:08  Stalker x2  
  34  5:21  Stalker  
  29  5:49  Probe x2  
  31  6:01  Probe  
  32  6:05  Pylon  
  32  6:09  Probe  
  33  6:18  Stalker  
  35  6:27  Probe x2  
  37  6:34  Stalker  
  39  6:45  Probe x2 (Chrono Boost)  
  41  6:49  Zealot x2  
  45  6:57  Probe x2 (Chrono Boost)  
  47  7:05  Probe x2 (Chrono Boost)  
  49  7:11  Probe x2  
  51  7:23  Probe x2  
  51  7:28  Assimilator  
  53  7:32  Assimilator  
  53  7:39  Pylon  
  53  7:41  Shield Battery  
  53  7:43  Shield Battery  
  53  7:48  Nexus  
  53  7:56  Pylon  
  53  7:57  Immortal (Chrono Boost)  
  57  8:00  Probe  
  57  8:01  Probe  
  59  8:12  Probe  
  60  8:14  Probe  
  61  8:27  Pylon  
  61  8:28  Probe  
  61  8:29  Probe  
  61  8:33  Immortal (Chrono Boost)  
  67  8:40  Probe  
  69  8:41  Probe  
  69  8:47  Pylon  
  69  8:49  Forge  
  69  8:52  Probe  
  69  8:53  Probe  
  71  9:04  Probe  
  71  9:05  Probe  
  71  9:06  Immortal  
  71  9:08  Probe  
  78  9:14  Stalker x3  
  78  9:15  Protoss Ground Weapons Level 1 (Chrono Boost)  
  78  9:17  Probe x2  
  85  9:20  Probe  
  87  9:26  Twilight Council  
  87  9:32  Probe  
  87  9:33  Gateway  
  87  9:34  Gateway  
  87  9:38  Pylon  
  88  9:40  Probe  
  88  9:41  Probe  
  88  9:44  Probe  
  91  9:51  Immortal  
  91  9:52  Sentry  
  97  9:53  Probe, Sentry  
  100  10:00  Pylon  
  100  10:02  Probe  
  100  10:03  Probe, Assimilator  
  100  10:05  Assimilator  
  102  10:12  Probe  
  103  10:15  Charge  
  103  10:19  Stalker x3  
  97  10:38  Photon Cannon  
  95  10:42  Shield Battery  
  91  10:52  Photon Cannon  
  91  10:58  Photon Cannon  
  91  11:00  Probe x2  
  91  11:01  Shield Battery  
  91  11:02  Photon Cannon  
  93  11:10  Stalker x3  
  99  11:13  Observer  
  100  11:19  Probe x2  
  100  11:20  Probe  
  103  11:31  Probe x2  
  103  11:32  Probe  
  106  11:43  Probe x2  
  106  11:44  Probe  
  101  11:55  Probe  
Show
View Real Time Build Order
Export as new Build Order

tut Terran - Winner!

Build Orders: Reaper Expand 

Get SALT Encoding   

  12  0:00  SCV  
  13  0:12  SCV  
  14  0:17  Supply Depot  
  14  0:24  SCV  
  15  0:38  SCV  
  15  0:40  Barracks  
  16  0:44  Refinery  
  16  0:50  SCV  
  17  1:03  SCV  
  18  1:15  SCV  
  19  1:30  Orbital Command  
  19  1:31  Reaper  
  20  1:46  Command Center  
  20  1:56  SCV  
  21  2:04  Marine, Supply Depot  
  21  2:08  SCV  
  23  2:14  Factory  
  23  2:22  Refinery  
  23  2:23  Barracks Reactor  
  23  2:26  SCV  
  24  2:38  SCV  
  25  2:50  SCV  
  26  3:00  Starport  
  26  3:02  SCV  
  27  3:09  Orbital Command  
  27  3:12  Hellion x2  
  31  3:14  SCV  
  32  3:27  SCV  
  33  3:35  Command Center  
  33  3:36  Starport Tech Lab  
  33  3:39  SCV  
  34  3:45  SCV  
  34  3:46  Fusion Core  
  35  3:51  SCV  
  36  3:57  SCV  
  36  3:58  Banshee, Hellion  
  42  4:23  SCV x2  
  44  4:35  SCV x2  
  44  4:37  Supply Depot  
  44  4:38  Supply Depot  
  46  4:39  Supply Depot  
  46  4:40  Refinery  
  46  4:41  Refinery  
  46  4:47  SCV x2  
  48  4:59  SCV x2  
  50  5:01  Orbital Command  
  50  5:02  Battlecruiser  
  56  5:11  SCV x2  
  56  5:13  Hellion  
  56  5:14  Hellion  
  58  5:33  SCV x2  
  58  5:36  Starport  
  58  5:37  Starport, Hellion x2  
  62  5:45  SCV x2  
  64  5:57  SCV  
  64  5:59  Hellion x2  
  67  6:06  Weapon Refit, Armory  
  67  6:16  SCV x2  
  69  6:28  SCV  
  70  6:37  SCV  
  70  6:38  Battlecruiser  
  70  6:39  Starport Tech Lab x2  
  77  6:41  Supply Depot  
  77  6:42  SCV  
  77  6:43  Armory, Supply Depot  
  77  6:46  Orbital Command  
  78  6:49  SCV  
  79  7:02  SCV x2  
  79  7:03  Battlecruiser  
  79  7:07  Supply Depot  
  87  7:09  Supply Depot  
  87  7:15  SCV  
  87  7:16  SCV  
  89  7:28  SCV x2  
  91  7:32  Factory  
  91  7:33  Factory  
  91  7:40  SCV x2  
  91  7:42  SCV  
  94  7:46  Battlecruiser  
  94  7:49  Refinery  
  94  7:50  Refinery  
  100  7:52  SCV  
  101  8:00  Terran Ship Weapons Level 1  
  101  8:01  Terran Vehicle And Ship Armor Level 1  
  101  8:03  Factory Tech Lab, Supply Depot  
  102  8:05  SCV x2  
  102  8:06  SCV  
  102  8:09  Engineering Bay  
  104  8:17  SCV  
  104  8:18  SCV x2, Command Center  
  107  8:21  Factory Tech Lab  
  107  8:26  Factory Tech Lab  
  107  8:29  Supply Depot  
  107  8:30  SCV x3, Supply Depot  
  107  8:31  Supply Depot  
  107  8:32  Supply Depot  
  107  8:33  Supply Depot  
  110  8:36  Command Center, Battlecruiser  
  110  8:37  Siege Tank  
  110  8:40  Supply Depot  
  119  8:42  SCV, Siege Tank  
  119  8:43  Supply Depot  
  123  8:59  Siege Tank  
  123  9:00  Missile Turret  
  123  9:02  Missile Turret x2  
  126  9:05  SCV  
  127  9:11  Siege Tank  
  127  9:13  Command Center  
  127  9:16  Supply Depot  
  127  9:17  Supply Depot, Siege Tank  
  133  9:31  Missile Turret x2  
  133  9:34  Missile Turret  
  133  9:35  Siege Tank  
  133  9:36  Battlecruiser  
  142  9:41  Missile Turret  
  142  9:42  SCV x2  
  142  9:44  Hi-Sec Auto Tracking  
  144  9:47  Orbital Command  
  144  9:54  SCV  
  144  9:59  Missile Turret  
  145  10:00  Missile Turret  
  145  10:03  Missile Turret  
  145  10:05  Siege Tank x2  
  151  10:07  Missile Turret  
  151  10:08  Missile Turret  
  151  10:23  Missile Turret  
  151  10:25  Missile Turret  
  151  10:28  Missile Turret  
  151  10:30  Orbital Command, Missile Turret  
  151  10:32  Missile Turret x2  
  151  10:33  Missile Turret x4  
  151  10:35  Missile Turret x2  
  151  10:36  Planetary Fortress, Missile Turret  
  151  10:38  Missile Turret  
  151  10:39  Thor  
  157  10:43  Missile Turret  
  157  10:47  Missile Turret  
  155  11:11  Siege Tank x2  
  161  11:23  Missile Turret x2  
  161  11:25  Missile Turret, Siege Tank  
  125  11:43  Siege Tank  
Tags
 
Add a new tag
Caveats
  • Supply blocks, unpowered buildings, or Contaminate may cause inaccurate times.
  • Supply counts are checked every 10 seconds.